 Dungeon Crawl Stone Soup version 0.17-a0-1667-g4ca74a1 (webtiles) character file.

3605 matakusis the Chopper (level 9, -8/103 HPs)
             Began as a Demonspawn Gladiator on Aug 17, 2015.
             Was a Priest of Yredelemnul.
             Mangled by a 13-headed hydra (9 damage)
             ... on level 8 of the Dungeon.
             The game lasted 00:36:39 (8711 turns).

matakusis the Chopper (Demonspawn Gladiator)        Turns: 8711, Time: 00:36:39

Health: -8/103     AC: 24    Str: 29    XL:     9   Next: 86%
Magic:  8/8        EV:  2    Int: 10    God:    Yredelemnul [***...]
Gold:   543        SH: 18    Dex: 18    Spells: 2 memorised, 2 levels left

rFire  . . .     SeeInvis .     v - +5 war axe
rCold  . . .     Clarity  .     (armour currently unavailable)
rNeg   + + +     SustAt   .     d - +2 large shield
rPois  +         Gourm    .     (helmet currently unavailable)
rElec  .         Spirit   .     (cloak currently unavailable)
rCorr  .         Warding  .     (gloves currently unavailable)
rMut   .         NoTele   +     (boots currently unavailable)
MR     +....                    (no amulet)
Stlth  +++.......               z - +5 ring of strength
                                q - ring of protection from magic

@: mighty, agile, tree-form, somewhat resistant to hostile enchantments, fairly
stealthy
A: (claws 0), (horns 0), (large bone plates 0), blurry vision 1, (cold
resistance 0), demonic guardian 1, low mp 1, rot immunity
a: Animate Dead, Recall Undead Slaves, Injury Mirror, Renounce Religion


You were on level 8 of the Dungeon.
You worshipped Yredelemnul.
Yredelemnul was most pleased with you.
You were hungry.
You were a tree.
You visited 2 branches of the dungeon, and saw 9 of its levels.
You also visited: Ossuary.

You collected 543 gold pieces.

Inventory:

Hand weapons
 v - a +5 war axe (weapon)
Missiles
 h - 7 tomahawks (quivered)
Armour
 d - a +2 large shield (worn)
 m - a +1 cloak (melded)
 x - a +0 leather armour of cold resistance (melded)
Magical staves
 p - an uncursed staff of air
Jewellery
 q - a ring of protection from magic (left branch)
 u - an uncursed ring of see invisible
 z - a +5 ring of strength (right branch)
 F - an uncursed ring of teleportation
Magical devices
 b - a wand of slowing (23)
 j - a wand of random effects (25)
 n - a wand of fireball (8)
 y - a wand of slowing (37)
Scrolls
 k - 3 scrolls of blinking
 l - 2 scrolls of enchant armour
 r - a scroll of noise
 G - a scroll of enchant weapon
 I - a scroll of teleportation
Potions
 g - 2 potions of brilliance
 t - 5 potions of curing
 w - 2 potions of might
 B - 2 potions of lignification
 E - a potion of haste
 K - a potion of agility
Books
 A - a book of Ice

   Spells                             Type                      Level
   a - Ice Form                       Ice/Transmutation            4
   b - Metabolic Englaciation         Hexes/Ice                    5
   c - Ozocubu's Refrigeration        Ice                          6
   d - Bolt of Cold                   Conjuration/Ice              6
   e - Freezing Cloud                 Conjuration/Ice/Air          6
   f - Simulacrum                     Ice/Necromancy               6
 D - a book of Maledictions

   Spells                             Type                      Level
   a - Corona                         Hexes                        1
   b - Ensorcelled Hibernation        Hexes/Ice                    2
   c - Confuse                        Hexes                        3
   d - Tukima's Dance                 Hexes                        3
   e - Dazzling Spray                 Conjuration/Hexes            3
 H - a book of Transfigurations

   Spells                             Type                      Level
   a - Stoneskin                      Transmutation/Earth          2
   b - Irradiate                      Conjuration/Transmutation    5
   c - Statue Form                    Transmutation/Earth          6
   d - Hydra Form                     Transmutation                6
   e - Dragon Form                    Transmutation                7
Comestibles
 a - 2 beef jerkies
 c - 3 chunks of flesh
 e - 6 bread rations
 f - 6 slices of pizza
 i - 3 meat rations
 s - 19 fruits


   Skills:
 + Level 6.1 Fighting
 + Level 7.2 Axes
 - Level 2.0 Throwing
 + Level 3.4 Armour
 + Level 7.2 Dodging
 + Level 3.1 Shields
 * Level 5.2 Hexes


You had 2 spell levels left.
You knew the following spells:

 Your Spells              Type           Power        Failure   Level  Hunger
a - Confuse               Hex            ##......     99%         3    ####...
b - Tukima's Dance        Hex            ##......     99%         3    ####...


Dungeon Overview and Level Annotations

Branches:
Dungeon (8/15)             Temple (1/1) D:6
   Lair: D:8-11

Altars:
Ashenzari
Cheibriados
Dithmenos
Elyvilon
Fedhas
Kikubaaqudgha
Makhleb
Okawaru
Qazlal
Ru
Sif Muna
Trog
Vehumet
Xom
Yredelemnul
Zin
The Shining One

Shops:
D:7 =   D:8 *


Innate Abilities, Weirdness & Mutations

((You have very sharp fingernails.))
((You are mostly covered in large bone plates (AC +3, SH +3).))
A weak demonic guardian rushes to your aid.
You are immune to rotting.
((You have a pair of horns on your head.))
Scrolls take you a little longer to read.
((Your flesh is cold resistant.))
Your magical capacity is low (-10% MP).


Message History

The 13-headed hydra bites you!
* * * LOW HITPOINT WARNING * * *
The 13-headed hydra bites you but does no damage.
Drink which item? (? for menu, Esc to quit)
You feel better.
The 13-headed hydra bites you but does no damage.
The 13-headed hydra bites you.
* * * LOW HITPOINT WARNING * * *
You block the 13-headed hydra's attack. The 13-headed hydra bites you.
* * * LOW HITPOINT WARNING * * *
The 13-headed hydra bites you!
* * * LOW HITPOINT WARNING * * *
The 13-headed hydra bites you but does no damage.
You block the 13-headed hydra's attack. The 13-headed hydra barely misses you.
You block the 13-headed hydra's attack. The 13-headed hydra barely misses you.
The 13-headed hydra bites you!
* * * LOW HITPOINT WARNING * * *
The 13-headed hydra bites you!
You die...
Your body rises from the dead as a mindless zombie.

#...#####.#####...#...# #..
.. .......# ##......###
##.. ........#
##.......###... ........##
#.........##... .........#
#.............# .........##
##........#.####
.........###........#..####
.
#.......†...............##
..
####....5♣D.....(.........
...#
##.#######.............
....# ##..# ##........####
.....##..## ##D.....## #
........## #.#.)..# #
........## #.##...#####
####..#..## #.##....##.#
#..##..## #..##......#
#.####..# #..##......#


You could see a 13-headed hydra and a friendly ufetubus.

Vanquished Creatures
  Joseph (D:7)
  A two-headed ogre (D:8)
  2 yaks (D:8)
  2 hippogriffs
  Edmund (D:5)
  An orc warrior (D:6)
  Duvessa (D:4)
  An ogre (D:5)
  An ice beast (D:7)
  2 giant frogs
  Blork the orc (D:4)
  A big kobold (D:8)
  A centaur (D:6)
  Dowan (D:4)
  7 scorpions
  4 killer bees (D:7)
  A giant frog zombie (D:7)
  A wasp zombie (D:8)
  A hound (D:4)
  9 orc wizards
  3 orc priests
  A sheep (D:8)
  7 worker ants
  A killer bee zombie (D:7)
  A big kobold zombie (Ossuary)
  3 hound zombies
  8 mummies (Ossuary)
  A worker ant zombie (D:7)
  Robin (D:3)
  16 adders
  2 shadow imps
  2 oozes
  2 adder zombies
  2 worm zombies (D:7)
  2 adder skeletons
  5 worms
  7 giant geckos
  34 orcs
  8 bats
  3 giant cockroaches
  9 goblins
  7 hobgoblins
  12 jackals
  7 kobolds
  3 quokkas
  3 ball pythons
  A giant newt (D:2)
  3 gnoll zombies (Ossuary)
  A jackal skeleton (D:4)
  2 kobold zombies (Ossuary)
  2 orc zombies (Ossuary)
  A quokka skeleton (D:4)
  3 rats
  2 fungi (D:6)
205 creatures vanquished.

Vanquished Creatures (collateral kills)
  A big kobold (D:8)
  A sheep (D:8)
2 creatures vanquished.

Vanquished Creatures (others)
  A fungus (D:6)
  A plant (D:8)
2 creatures vanquished.

Grand Total: 209 creatures vanquished

Notes
Turn   | Place    | Note
--------------------------------------------------------------
     0 | D:1      | matakusis the Demonspawn Gladiator began the quest for the Orb.
     0 | D:1      | Reached XP level 1. HP: 16/16 MP: 1/1
   367 | D:1      | Reached skill level 3 in Axes
   367 | D:1      | Gained mutation: You are partially covered in large bone plates (AC +2, SH +2). [demonic ancestry]
   367 | D:1      | Reached XP level 2. HP: 17/22 MP: 2/2
  1230 | D:2      | Gained mutation: You have sharp fingernails. [demonic ancestry]
  1230 | D:2      | Reached XP level 3. HP: 28/28 MP: 3/3
  1359 | D:2      | Found a basalt altar of Yredelemnul.
  1367 | D:2      | Became a worshipper of Yredelemnul the Dark
  1710 | D:2      | Found a bloodstained altar of Trog.
  1715 | D:2      | Found a sacrificial altar of Ru.
  1998 | D:3      | Gained mutation: You are immune to rotting. [demonic ancestry]
  1998 | D:3      | Reached XP level 4. HP: 26/34 MP: 4/4
  2067 | D:3      | Reached skill level 1 in Armour
  2087 | D:3      | Gained mutation: You can breathe flames. [potion of mutation]
  2087 | D:3      | Gained mutation: Your flesh is cold resistant. [potion of mutation]
  2087 | D:3      | Gained mutation: Your magical capacity is low (-10% MP). [potion of mutation]
  2128 | D:3      | Noticed Robin
  2135 | D:3      | Acquired Yredelemnul's first power
  2690 | D:3      | Found an iron altar of Okawaru.
  3154 | D:3      | Gained mutation: You are mostly covered in large bone plates (AC +3, SH +3). [demonic ancestry]
  3154 | D:3      | Reached XP level 5. HP: 37/40 MP: 4/4
  3168 | D:3      | Killed Robin
  3219 | D:4      | Reached skill level 4 in Dodging
  3575 | D:4      | Noticed Blork the orc
  3583 | D:4      | Killed Blork the orc
  3593 | D:4      | Reached XP level 6. HP: 44/47 MP: 5/5
  4021 | D:4      | Noticed Duvessa
  4021 | D:4      | Noticed Dowan
  4038 | D:4      | Killed Duvessa
  4046 | D:4      | Killed Dowan
  4046 | D:4      | Reached XP level 7. HP: 36/53 MP: 6/6
  4215 | D:4      | Reached skill level 5 in Dodging
  4336 | D:5      | Entered Level 5 of the Dungeon
  4379 | D:5      | Acquired Yredelemnul's second power
  4716 | D:5      | Learned a level 3 spell: Confuse
  4769 | D:5      | Found a white marble altar of Elyvilon.
  4935 | D:5      | Learned a level 3 spell: Tukima's Dance
  4989 | D:5      | Noticed Edmund
  5008 | D:5      | Killed Edmund
  5008 | D:5      | Reached skill level 5 in Axes
  5008 | D:5      | Reached skill level 1 in Hexes
  5187 | D:5      | Found a stormy altar of Qazlal.
  5365 | D:6      | Gained mutation: You have very sharp fingernails. [demonic ancestry]
  5365 | D:6      | Reached XP level 8. HP: 60/60 MP: 7/7
  5624 | D:6      | Found a staircase to the Ecumenical Temple.
  5634 | Temple   | Entered the Ecumenical Temple
  5734 | D:6      | Reached skill level 6 in Dodging
  6667 | D:7      | Found Lesuxi's Jewellery Emporium.
  6722 | D:7      | Reached skill level 5 in Fighting
  6802 | D:7      | Noticed Joseph
  6806 | D:7      | Acquired Yredelemnul's third power
  6821 | D:7      | Killed Joseph
  6821 | D:7      | Reached skill level 1 in Shields
  6821 | D:7      | Gained mutation: A weak demonic guardian rushes to your aid. [demonic ancestry]
  6821 | D:7      | Reached XP level 9. HP: 50/68 MP: 8/8
  6851 | D:7      | Found a sand-covered staircase.
  6978 | Ossuary  | Entered an ossuary
  6988 | Ossuary  | Gained mutation: Scrolls take you a little longer to read. [potion of mutation]
  6988 | Ossuary  | Gained mutation: Your muscles are strong. (Str +2) [potion of mutation]
  6988 | Ossuary  | Lost mutation: You can breathe flames. [potion of mutation]
  6989 | Ossuary  | Lost mutation: Your muscles are strong. (Str +2) [potion of mutation]
  6989 | Ossuary  | Gained mutation: You have a pair of small horns on your head. [potion of mutation]
  6989 | Ossuary  | Gained mutation: You have a pair of horns on your head. [potion of mutation]
  8217 | D:8      | Found Eloku's Demolitions Depot.
  8518 | D:8      | Reached skill level 7 in Dodging
  8518 | D:8      | Reached skill level 5 in Hexes
  8638 | D:8      | Noticed a three-headed hydra
  8711 | D:8      | HP: 1/103 [13-headed hydra (10)]
  8711 | D:8      | Mangled by a 13-headed hydra

Vault maps used:
D:1:      minmay_arrival_nine_rooms, minivault_11, dk_noncrumbling_2,
          minmay_bisected
D:2:      amethyst_overflow_temple_binary, yredelemnul_altar_generic
D:3:      okawaru_trees_1, uniq_robin
D:4:      lemuel_upstairs_altar, first_bread, minmay_misc_feat_rows,
          uniq_blork_the_orc, uniq_duvessa
D:5:      kennysheep_little_box, elyvilon_altar_1, uniq_edmund
D:6:      old_forge, temple_fountains
D:7:      enter_ossuary_3, serial_shops, nicolae_shop_behind_doors, uniq_joseph
D:8:      hangedman_ranch, nicolae_blasting_shop
Temple:   circular_temple_12
Ossuary:  ossuary_tomb_3

Action                   |  1- 3 |  4- 6 |  7- 9 || total
-------------------------+-------+-------+-------++-------
Melee: War axe           |   120 |   185 |   442 ||   747
Throw: Throwing net      |       |     1 |     7 ||     8
 Abil: Breathe Fire      |       |     2 |       ||     2
Evoke: Wand              |       |       |     1 ||     1
  Use: Scroll            |     6 |     7 |    15 ||    28
       Potion            |     1 |     1 |    13 ||    15
 Stab: Sleeping          |       |     1 |       ||     1
       Held in net/web   |       |       |     1 ||     1
  Eat: Chunk             |     3 |     6 |    16 ||    25
       Beef jerky        |       |     1 |       ||     1
